 Dungeon Crawl Stone Soup version 0.23.2-30-g0e89c35649 (webtiles) character file.

Game seed: 1085062813240392889

254 Kobolds4U the Slasher (level 5, -2/45 HPs)
             Began as a Minotaur Fighter on June 7, 2019.
             Slain by a hippogriff (5 damage)
             ... on level 4 of the Dungeon.
             The game lasted 00:03:48 (2398 turns).

Kobolds4U the Slasher (Minotaur Fighter)            Turns: 2398, Time: 00:03:48

Health: -2/45      AC: 10    Str: 20    XL:     5   Next: 90%
Magic:  4/4        EV:  5    Int:  5    God:
Gold:   170        SH:  9    Dex: 11    Spells: 4/4 levels left

rFire    . . .     SeeInvis .   a - +0 long sword
rCold    . . .     Gourm    .   c - +0 shield
rNeg     + . .     Faith    .   h - +0 chain mail
rPois    .         Spirit   .   (helmet restricted)
rElec    .         Reflect  .   (no cloak)
rCorr    .         Harm     .   e - +0 pair of gloves
MR       .....                  (no boots)
Stlth    ..........             (no amulet)
HPRegen  0.15/turn              m - ring of positive energy
MPRegen  0.09/turn              t - ring of stealth (curse)

@: no status effects
A: retaliatory headbutt, horns 2
a: no special abilities


You were on level 4 of the Dungeon.
You were not hungry.

You visited 1 branch of the dungeon, and saw 4 of its levels.

You collected 170 gold pieces.

Inventory:

Hand Weapons
 a - a +0 long sword (weapon)
Missiles
 v - 4 tomahawks (quivered)
Armour
 c - a +0 shield (worn)
 e - a +0 pair of gloves (worn)
 h - a +0 chain mail (worn)
Jewellery
 m - a ring of positive energy (left hand)
 t - a cursed ring of stealth (right hand)
Scrolls
 i - 3 scrolls of enchant armour {unknown}
 j - 4 scrolls of remove curse {unknown}
 k - 2 scrolls of identify {unknown}
 n - a scroll of teleportation {unknown}
 p - a scroll of magic mapping {unknown}
 q - a scroll of enchant weapon {unknown}
 r - a scroll of noise {unknown}
 u - a scroll of blinking {unknown}
Potions
 b - a potion of magic {unknown}
 d - 2 potions of might
 g - a potion of haste {unknown}
 l - 2 potions of cancellation {unknown}
 o - 2 potions of heal wounds {unknown}
 s - a potion of agility {unknown}
 w - 3 potions of degeneration {unknown}
 x - 2 potions of flight {unknown}
Comestibles
 f - 6 rations
 z - 4 chunks of flesh


   Skills:
 - Level 3.6 Fighting
 + Level 7.5 Long Blades
 - Level 3.6 Armour
 - Level 3.6 Shields


You had 4 spell levels left.
You didn't know any spells.
Your spell library was empty.

Dungeon Overview and Level Annotations

Branches:
Dungeon (4/15)
 Temple: D:4-7

Altars:


Innate Abilities, Weirdness & Mutations

You reflexively headbutt those who attack you in melee.
You have a pair of horns on your head.


Message History

* * * LOW HITPOINT WARNING * * *
The hippogriff barely misses you. The hippogriff claws you.
* * * LOW HITPOINT WARNING * * *
You miss the leopard gecko. Your headbutt misses the leopard gecko.
You block the leopard gecko's attack.
You hit the hippogriff.
The hippogriff is heavily wounded.
You barely miss the hippogriff.
The hippogriff is heavily wounded.
The hippogriff barely misses you.
You riposte.
You hit the hippogriff.
The hippogriff is severely wounded.
You block the hippogriff's attack. The hippogriff barely misses you.
Your chain mail prevents you from hitting the hippogriff.
The hippogriff is severely wounded.
You block the hippogriff's attack. The hippogriff pecks you.
* * * LOW HITPOINT WARNING * * *
The hippogriff claws you.
* * * LOW HITPOINT WARNING * * *
The hippogriff barely misses you. x2; The hippogriff claws you.
You die...

#.####################
......................
........##.###...####
...........# #...+
....#.#.#.l# #...#
<....#.#.#(H# #...#
.#......#.##@# #...#
.........#.##.# #...#
#.#.#......##.####+##
#....................
#....................
#....................
#....................
#....................
#....................


You could see a hippogriff and a leopard gecko.

Vanquished Creatures
  A jelly (D:3)
  4 worker ants
  4 adders
  An ooze (D:1)
  3 worms
  2 dart slugs
  4 leopard geckos (D:1)
  3 orcs (D:3)
  2 ball pythons
  7 bats
  2 giant cockroaches
  10 goblins
  8 hobgoblins
  4 jackals (D:4)
  7 kobolds
  A quokka (D:2)
  5 frilled lizards
  5 rats
73 creatures vanquished.

Notes
Turn   | Place    | Note
-------+----------+-------------------------------------------
     0 | D:1      | Kobolds4U the Minotaur Fighter began the quest for the Orb.
     0 | D:1      | Reached XP level 1. HP: 19/19 MP: 0/0
    65 | D:1      | Reached skill level 3 in Long Blades
    89 | D:1      | Reached XP level 2. HP: 26/26 MP: 1/1
   299 | D:1      | Reached skill level 4 in Long Blades
   334 | D:1      | Reached XP level 3. HP: 24/31 MP: 2/2
   578 | D:2      | Reached skill level 5 in Long Blades
   698 | D:2      | Reached XP level 4. HP: 34/39 MP: 3/3
  1169 | D:3      | Reached skill level 6 in Long Blades
  1745 | D:3      | Reached XP level 5. HP: 45/45 MP: 4/4
  1984 | D:3      | Reached skill level 7 in Long Blades
  2380 | D:4      | Noticed a hippogriff
  2392 | D:4      | HP: 2/45 [hippogriff (5)]
  2398 | D:4      | Slain by a hippogriff

Skill      XL: |  1  2  3  4  5 |
---------------+----------------+-----
Long Blades    | 3 4 5 6 7 |  7.5
Fighting       | |  3.6
Armour         | |  3.6
Shields        | |  3.6

Action                   |  1- 3 |  4- 6 || total
-------------------------+-------+-------++-------
Melee: Long sword        |    91 |    87 ||   178
       Headbutt          |    12 |    16 ||    28
Throw: Tomahawk          |       |     8 ||     8
  Eat: Chunk             |       |     5 ||     5
Armor: Scale mail        |    15 |       ||    15
       Chain mail        |    44 |    54 ||    98
Dodge: Dodged            |    33 |    24 ||    57
Block: Shield            |    73 |    55 ||   128
       Rpst.: Long sword |     5 |     7 ||    12
